 Dungeon Crawl Stone Soup version 0.28.0-53-g5a82cb258f (webtiles) character file.

Game seed: 2952598522646661927

357 moldycheese5 the Conjurer (level 6, -3/34 HPs)
             Began as a Deep Elf Conjurer on June 20, 2022.
             Slain by an ice beast (5 damage)
             ... on level 5 of the Dungeon.
             The game lasted 00:14:24 (6273 turns).

moldycheese5 the Conjurer (Deep Elf Conjurer)       Turns: 6273, Time: 00:14:25

Health: -3/34      AC:  3    Str:  6    XL:     6   Next: 36%
Magic:  5/16       EV: 13    Int: 23    God:
Gold:   285        SH:  0    Dex: 13    Spells: 10/15 levels left

rFire   . . .      SeeInvis .   o - +5 flail
rCold   . . .      Faith    .   (no shield)
rNeg    . . .      Spirit   .   a - +0 robe
rPois   .          Reflect  .   g - +0 helmet
rElec   .          Harm     .   (no cloak)
rCorr   .          Rampage  .   (no gloves)
Will    .....                   (no boots)
Stlth   ++........              (no amulet)
HPRegen 0.11/turn               (no ring)
MPRegen 0.15/turn               (no ring)

@: no status effects
A: no striking features
a: no special abilities


You were on level 5 of the Dungeon.
You visited 1 branch of the dungeon, and saw 5 of its levels.
You also visited: Sewer.

You collected 285 gold pieces.

Inventory:

Hand Weapons
 o - a +5 flail (weapon)
 q - a +2 vampiric trident
Armour
 a - a +0 robe (worn)
 g - a +0 helmet (worn)
Jewellery
 r - a ring of positive energy
Wands
 p - a wand of flame (13)
 s - a wand of acid (8)
Scrolls
 b - 5 scrolls of teleportation
 c - a scroll of immolation {unknown}
 d - 3 scrolls of identify {unknown}
 e - a scroll of holy word {unknown}
 f - a scroll of enchant weapon {unknown}
 i - a scroll of enchant armour {unknown}
 j - 2 scrolls of blinking {unknown}
 m - a scroll of noise {unknown}
Potions
 h - a potion of brilliance {unknown}
 k - 5 potions of flight
 l - 2 potions of curing {unknown}
 n - 2 potions of magic {unknown}


   Skills:
 + Level 1.0 Fighting
 + Level 3.4 Dodging
 + Level 3.4 Stealth
 + Level 0.1 Unarmed Combat
 + Level 5.4 Spellcasting
 + Level 6.6 Conjurations


You had 10 spell levels left.
You knew the following spells:

 Your Spells              Type           Power      Damage    Failure   Level
a - Magic Dart            Conj           100%       1d8       1%          1
b - Flame Wave            Conj/Fire      21%        2d7       22%         4

Your spell library contained the following spells:

 Spells                   Type           Power      Damage    Failure   Level
 Searing Ray              Conj           72%        2d7       1%          2
 Foxfire                  Conj/Fire      84%        2x1d8     2%          1
 Conjure Flame            Conj/Fire      21%        6-21      7%          3
 Dazzling Flash           Conj/Hex       42%        N/A       7%          3
 Fulminant Prism          Conj/Hex       10%        3d9       22%         4
 Iskenderun's Mystic Bla  Conj/Tloc      21%        2d6       22%         4
 Call Canine Familiar     Summ           6%         N/A       26%         3
 Inner Flame              Hex/Fire       6%         N/A       26%         3
 Portal Projectile        Hex/Tloc       12%        N/A       26%         3
 Leda's Liquefaction      Hex/Erth       3%         N/A       65%         4


Dungeon Overview and Level Annotations

Branches:
Dungeon (5/15)              Sewer (visited)
 Temple: D:4-7

Altars:

Annotations:
D:5 Edmund


Message History

The magic dart hits the ice beast but does no damage.
The ice beast is moderately wounded.
The magic dart hits the ice beast.
The ice beast is heavily wounded.
The ice beast barely misses you.
The magic dart hits the ice beast.
The ice beast is heavily wounded.
The ice beast hits you. The ice beast freezes you!
The magic dart hits the ice beast but does no damage.
The ice beast is heavily wounded.
The ice beast hits you. The ice beast freezes you!
* * * LOW HITPOINT WARNING * * *
You are too injured to fight recklessly!
You are too injured to fight recklessly!
You are too injured to fight recklessly!
You are too injured to fight recklessly!
You are too injured to fight recklessly!
You are too injured to fight recklessly!
You are too injured to fight recklessly!
Aiming: Magic Dart (safe; 1% risk of failure)
Press: ? - help, Q - select action, (/) - cycle Shift-Dir - straight line, f/p - ice beast
Aim: an ice beast (heavily wounded, 100% to hit)
The magic dart hits the ice beast.
The ice beast is severely wounded.
The ice beast closely misses you.
Aiming: Magic Dart (safe; 1% risk of failure)
Press: ? - help, Q - select action, (/) - cycle Shift-Dir - straight line, f/p - ice beast
Aim: an ice beast (severely wounded, 100% to hit)
The magic dart hits the ice beast but does no damage.
The ice beast is severely wounded.
The ice beast completely misses you.
Aiming: Magic Dart (safe; 1% risk of failure)
Press: ? - help, Q - select action, (/) - cycle Shift-Dir - straight line, f/p - ice beast
Aim: an ice beast (severely wounded, 100% to hit)
The magic dart hits the ice beast.
The ice beast is almost dead.
The ice beast hits you.
* * * LOW HITPOINT WARNING * * *
The ice beast freezes you.
You die...

.......
.......
.......##
........#
........#
........##
.......Y.#
.......@.##
..........##
....#####..##
### ##..#
#..## ##..##
##..## ##..##
#...#


You could see an ice beast.

Vanquished Creatures
  A water moccasin skeleton (D:4)
  A bullfrog zombie (D:4)
  Jessica (D:3)
  An orc wizard (D:3)
  A merfolk siren (Sewer)
  A merfolk avatar (Sewer)
  Robin (D:2)
  3 adders
  A river rat (Sewer)
  A worm (D:4)
  2 dart slugs (D:1)
  3 orcs (D:3)
  10 ball pythons
  4 endoplasms
  7 giant cockroaches
  14 goblins
  11 hobgoblins
  3 jackals (D:1)
  8 kobolds
  6 quokkas
  7 bats
  7 frilled lizards
  29 rats
123 creatures vanquished.

Notes
Turn   | Place    | Note
-------+----------+-------------------------------------------
     0 | D:1      | moldycheese5 the Deep Elf Conjurer began the quest for the
                  | Orb.
     0 | D:1      | Reached XP level 1. HP: 10/10 MP: 6/6
   377 | D:1      | Reached XP level 2. HP: 9/15 MP: 1/8
   846 | D:1      | Found a faded altar of an unknown god.
   849 | D:1      | Reached skill level 5 in Conjurations
  1195 | D:1      | Reached XP level 3. HP: 19/19 MP: 7/9
  2193 | D:2      | Noticed Robin
  2418 | D:2      | Reached XP level 4. HP: 24/24 MP: 3/11
  2504 | D:2      | Learned a level 4 spell: Flame Wave
  3341 | D:2      | Killed Robin
  3765 | D:3      | Reached skill level 6 in Conjurations
  3767 | D:3      | Reached XP level 5. HP: 28/28 MP: 6/12
  4296 | D:3      | Noticed Jessica
  4300 | D:3      | Killed Jessica
  4803 | D:4      | Found a glowing drain.
  4807 | Sewer    | Entered a sewer
  5022 | Sewer    | Reached XP level 6. HP: 33/33 MP: 1/15
  5179 | Sewer    | Reached skill level 5 in Spellcasting
  5705 | D:4      | Noticed Edmund
  5716 | D:4      | Reached skill level 1 in Fighting
  5725 | D:5      | Entered Level 5 of the Dungeon
  6068 | D:5      | Identified the ring "Muysez" {*Slow rC+ rN+ Str+2 SInv}
  6261 | D:5      | Noticed an ice beast
  6273 | D:5      | Slain by an ice beast

Illustrated notes

Levels and vault maps discovered:
D:1:      dpeg_arrival_concentric_ovals, layout_loops_corners,
          shapermc_ecumenical_altar_venn, amcnicky_mini_pool_small,
          minmay_pentomino_q2
D:2:      layout_basic, kennysheep_crisscross, minmay_puff, uniq_robin
D:3:      layout_loops_ring, minivault_5, uniq_jessica
D:4:      layout_rooms, gup_sewer_entry_spiral, uniq_blork_the_orc, uniq_edmund
D:5:      layout_cave_pods, zin_statuary, kennysheep_generic_room_13

Skill      XL: |  1  2  3  4  5  6 |
---------------+-------------------+-----
Conjurations   | 5 6 |  6.6
Stealth        | 3 |  3.4
Dodging        | 3 |  3.4
Spellcasting   | 4 5 |  5.4
Fighting       | 1 |  1.0
Unarmed Combat | |  0.1

Action                   |  1- 3 |  4- 6 || total
-------------------------+-------+-------++-------
Melee: Unarmed           |    10 |     2 ||    12
 Cast: Magic Dart        |    94 |   201 ||   295
  Use: Scroll            |       |     2 ||     2
       Potion            |       |     2 ||     2
Armor: Robe              |     4 |    11 ||    15
Dodge: Dodged            |    14 |    47 ||    61
